 Dungeon Crawl Stone Soup version 0.19-a0-1291-gc8f5409 (webtiles) character file.

104 PurpleRed the Conjurer (level 4, -5/24 HPs)
             Began as a Deep Elf Conjurer on Aug 30, 2016.
             Slain by a mummy (19 damage)
             ... in an ossuary.
             The game lasted 00:05:35 (613 turns).

PurpleRed the Conjurer (Deep Elf Conjurer)           Turns: 613, Time: 00:05:36

Health: -5/24      AC:  2    Str:  5    XL:     4   Next: 52%
Magic:  1/12       EV: 13    Int: 21    God:
Gold:   65         SH:  0    Dex: 15    Spells: 2 memorised, 9 levels left

rFire  . . .     SeeInvis .     g - +0 scimitar (curse)
rCold  . . .     Gourm    .     a - +0 robe
rNeg   . . .     Faith    .     (no shield)
rPois  .         Spirit   .     (no helmet)
rElec  .         Dismiss  .     (no cloak)
rCorr  .         Reflect  .     (no gloves)
MR     .....     Harm     .     (no boots)
Stlth  +++.......               (no amulet)
                                (no ring)
                                h - ring of stealth

@: no status effects
A: no striking features
a: no special abilities


You were in an ossuary.
You were not hungry.

You visited 2 branches of the dungeon, and saw 5 of its levels.
You also visited: Ossuary.

You collected 65 gold pieces.

Inventory:

Hand Weapons
 e - a +0 dagger
 g - a cursed +0 scimitar (weapon)
Armour
 a - a +0 robe (worn)
Jewellery
 h - a ring of stealth (left hand)
Scrolls
 j - a scroll of amnesia {unknown}
 m - a scroll of fear {unknown}
Potions
 d - 2 potions of curing {unknown}
 i - a potion of flight {unknown}
 l - a potion of lignification {unknown}
 n - a potion of might {unknown}
Books
 b - a book of Conjurations

   Spells                             Type                      Level
   a - Magic Dart                     Conjuration                  1
   b - Searing Ray                    Conjuration                  2
   c - Dazzling Spray                 Conjuration/Hexes            3
   d - Fulminant Prism                Conjuration/Hexes            4
   e - Iskenderun's Mystic Blast      Conjuration                  4
   f - Iskenderun's Battlesphere      Conjuration/Charms           5
Comestibles
 c - a bread ration
 f - 2 meat rations
 k - 4 fruits


   Skills:
 - Level 2.4 Dodging
 - Level 2.4 Stealth
 + Level 4.6 Spellcasting
 * Level 5.8 Conjurations


You had 9 spell levels left.
You knew the following spells:

 Your Spells              Type           Power        Failure   Level  Hunger
a - Magic Dart            Conj           ####         1%          1    None
b - Searing Ray           Conj           ####..       1%          2    #......


Dungeon Overview and Level Annotations

Branches:
Dungeon (4/15)             Temple (1/1) D:4

Altars:
Elyvilon
Fedhas
Gozag
Hepliaklqana
Nemelex Xobeh
Ru
Uskayaw
Yredelemnul
The Shining One


Message History

The mummy is moderately damaged.
The searing ray hits the mummy.
The mummy is heavily damaged.
The searing ray hits the mummy.
The mummy is severely damaged.
The mummy closely misses you.
You riposte.
You hit the mummy.
The mummy is almost destroyed.
The searing ray hits the mummy.
You destroy the mummy!
The searing ray hits the mummy.
The mummy is almost destroyed.
You finish channeling your searing ray.
You hit the mummy but do no damage.
The mummy is almost destroyed.
The mummy hits you.
You hit the mummy but do no damage.
The mummy is almost destroyed.
The mummy hits you!!
Ouch! That really hurt!
You die...

################
##.......M@.....#
##......####......##
#......##..##......#
#.....##....##.....#
#....M.............#
##.M..............#
##..............##
#'##........# +#
##..##......#


You could see a mummy.

Vanquished Creatures
  7 mummies (Ossuary)
  A dart slug (D:1)
  A giant gecko (D:2)
  2 goblins (D:1)
  2 jackals (D:3)
  3 gnoll zombies (Ossuary)
  2 kobold zombies (Ossuary)
  3 orc zombies (Ossuary)
21 creatures vanquished.

Notes
Turn   | Place    | Note
-------+----------+-------------------------------------------
     0 | D:1      | PurpleRed the Deep Elf Conjurer began the quest for the Orb.
     0 | D:1      | Reached XP level 1. HP: 10/10 MP: 6/6
   135 | D:3      | Reached XP level 2. HP: 15/15 MP: 5/8
   157 | D:4      | Found a staircase to the Ecumenical Temple.
   164 | Temple   | Entered the Ecumenical Temple
   238 | D:4      | Learned a level 2 spell: Searing Ray
   262 | D:4      | Noticed a scorpion
   274 | D:4      | Found a sand-covered staircase.
   279 | Ossuary  | Entered an ossuary
   389 | Ossuary  | Reached skill level 5 in Conjurations
   440 | Ossuary  | Reached XP level 3. HP: 16/19 MP: 3/10
   536 | Ossuary  | Reached XP level 4. HP: 24/24 MP: 1/12
   613 | Ossuary  | Slain by a mummy

Vault maps used:
D:1:      minmay_arrival_hallway
D:2:      overflow_temple_1_default, uniq_terence
D:3:      zin_angel, uniq_robin
D:4:      vehumet_crystals, lemuel_round_altar, nicolae_ossuary_entry_plus,
          serial_bayou_pond_a
Temple:   kb_temple_of_zot
Ossuary:  ossuary_tomb_3

Skill      XL: |  1  2 |
---------------+-------+-----
Conjurations   | 5 |  5.8
Spellcasting   | 4 |  4.6
Dodging        | |  2.4
Stealth        | |  2.4

Action                   |  1- 3 |  4- 6 || total
-------------------------+-------+-------++-------
Melee: Scimitar          |    21 |     3 ||    24
 Cast: Magic Dart        |    25 |       ||    25
       Searing Ray       |     6 |     2 ||     8
  Use: Scroll            |     2 |       ||     2
Dodge: Dodged            |    13 |     1 ||    14
